 Dungeon Crawl Stone Soup version 0.28.0-1-gb440e238dd (webtiles) character file.

Game seed: 7015927155587819477

135 smarlow the Ducker (level 5, -1/35 HPs)
             Began as a Djinni Fire Elementalist on Feb 23, 2022.
             Killed by miscasting Flame Wave (6 damage)
             ... on level 3 of the Dungeon.
             The game lasted 00:04:52 (3428 turns).

smarlow the Ducker (Djinni Fire Elementalist)       Turns: 3428, Time: 00:04:52

Health: -1/35      AC:  3    Str:  7    XL:     5   Next: 42%
Gold:   109        EV: 13    Int: 18    God:
                   SH:  0    Dex: 18

rFire   + + .      SeeInvis .   (no weapon)
rCold   + . .      Faith    .   (no shield)
rNeg    . . .      Spirit   .   g - +1 robe of the Glamorous Echidna {rC++ Dex+4}
rPois   ∞          Reflect  .   (no helmet)
rElec   .          Harm     .   (no cloak)
rCorr   .          Rampage  .   (no gloves)
Will    .....                   (boots unavailable)
Stlth   ++........              (no amulet)
HPRegen 0.11/turn               (no ring)
MPRegen 0.00/turn               (no ring)

@: flying, very slightly contaminated
A: sickness immunity, fire resistance 2, cold vulnerability 1, float, innate
caster, HP casting, extra vitality 1
a: no special abilities


You were on level 3 of the Dungeon.
You visited 1 branch of the dungeon, and saw 4 of its levels.

You collected 109 gold pieces.

Inventory:

Armour
 g - the +1 robe of the Glamorous Echidna (worn) {rC++ Dex+4}
   (You found it on level 2 of the Dungeon)

   Dex:       It affects your dexterity (+4).
   rC:        It greatly protects you from cold.
Scrolls
 b - a scroll of magic mapping
 d - a scroll of identify
Potions
 e - a potion of heal wounds {unknown}


   Skills:
 + Level 3.6 Dodging
 + Level 3.0 Stealth
 + Level 3.2 Spellcasting


You couldn't memorise any spells.
You knew the following spells:

 Your Spells              Type           Power      Damage    Failure   Level
a - Foxfire               Conj/Fire      56%        2x1d6     4%          1
b - Scorch                Fire           28%        2d6       6%          2
c - Conjure Flame         Conj/Fire      14%        6-21      13%         3
d - Inner Flame           Hex/Fire       14%        N/A       13%         3
e - Flame Wave            Conj/Fire      14%        2d6       38%         4
f - Beastly Appendage     Tmut           28%        N/A       4%          1
g - Wereblood             Tmut           14%        N/A       6%          2
Your spell library was empty.

Dungeon Overview and Level Annotations

Branches:
Dungeon (4/15)
 Temple: D:4-7

Altars:

Shops:
D:1 (


Innate Abilities, Weirdness & Mutations

You are immune to sickness and miasma.
You are immune to poison.
Your flesh is very heat resistant. (rF++)
You are vulnerable to cold. (rC-)
You float through the air rather than walking.
You learn spells naturally, not from books.
Your magical power is your life essence.
You have superior vitality. (+4 MHP)


Message History

The orc wizard mumbles some strange words.
The orc wizard flickers and vanishes!
Deactivating autopickup; reactivate with Ctrl-A.
Things that are here:
a +0 short sword; a +0 leather armour The foxfire hits the black bear.
The black bear is lightly wounded.
Your foxfire dissipates!
Casting: Foxfire (safe; 4% risk of failure)
Confirm with . or Enter, or press ? or * to list all spells.
The spell is quite dangerous to miscast (13% risk of failure)!
Continue anyway?
The fire begins to smoulder!
The fire ignites!
You start resting.
A black bear is nearby!
Casting: Conjure Flame (quite dangerous; 13% risk of failure)
Confirm with . or Enter, or press ? or * to list all spells.
Flames lash the black bear.
The black bear is moderately wounded.
The black bear's fire resistance burns away.
Okay, then.
The black bear is no longer more vulnerable to fire.
You see here a +0 hand axe.
There is a stone staircase leading up here.
The black bear barely misses you. The black bear claws you. x2
You fly upwards.
Reactivating autopickup.
The orc hits you with a +0 hand axe. The orc barely misses you.
The orc throws a boomerang.
The boomerang hits you.
* * * LOW HITPOINT WARNING * * *
There is a stone staircase leading down here.
Casting: Scorch (safe; 6% risk of failure)
Confirm with . or Enter, or press ? or * to list all spells.
The spell is extremely dangerous to miscast (38% risk of failure)!
Continue anyway?
Casting: Flame Wave (extremely dangerous; 38% risk of failure)
Press: ? - help, Dir - look around, f - activate You miscast Flame Wave.
You are very lightly contaminated with residual magic.
Sparks fly from your hands.
You die...

#......†...#####
*,,,,,,,, #..........#
#........ *###.....l.#
#........ #.......#
*###........ #....o..#
*...........
#####.K#####...........
#......................
#...........###....†...
#.....@o....#..........
#...^.......#.(..##'#'#
#...........#....##.#.#
#####...<####....##.#.#
#.##### #.#.....#.#
#.....###.#######..
#####.##..#....####
#########.##.##.##.#
#.†..#....##.##.##.###


You could see 2 orcs, a kobold and a frilled lizard.

Vanquished Creatures
  An orc wizard (D:3)
  5 adders
  A dart slug (D:1)
  6 orcs
  4 endoplasms
  2 giant cockroaches (D:1)
  4 goblins
  2 hobgoblins
  3 jackals (D:2)
  5 kobolds
  4 quokkas
  5 ball pythons
  7 bats
  7 frilled lizards
  A rat (D:2)
57 creatures vanquished.

Vanquished Creatures (others)
  213 foxfires
213 creatures vanquished.

Grand Total: 270 creatures vanquished

Notes
Turn   | Place    | Note
-------+----------+-------------------------------------------
     0 | D:1      | smarlow the Djinni Fire Elementalist began the quest for
                  | the Orb.
     0 | D:1      | Reached XP level 1. HP: 15/15 MP: 0/0
   459 | D:1      | Reached XP level 2. HP: 19/21 MP: 0/0
   583 | D:1      | Found Optabubu's Weapon Shoppe.
  1149 | D:1      | Reached XP level 3. HP: 21/25 MP: 0/0
  1149 | D:1      | Learned a level 1 spell: Beastly Appendage
  2289 | D:2      | Reached XP level 4. HP: 29/31 MP: 0/0
  2309 | D:2      | Identified the +1 robe of the Glamorous Echidna {rC++
                  | Dex+4}
  2999 | D:3      | Reached XP level 5. HP: 31/35 MP: 0/0
  2999 | D:3      | Learned a level 2 spell: Wereblood
  3372 | D:4      | Noticed a black bear
  3428 | D:3      | Killed by miscasting Flame Wave

Illustrated notes

Levels and vault maps discovered:
D:1:      lightli_arrival_statue_moat, layout_rooms, serial_rivers,
          chequers_serial_rivers_small_3, chequers_serial_rivers_small_b,
          chequers_serial_rivers_large_b, chequers_serial_rivers_small_b,
          serial_shops, nicolae_shop_bloodbath_and_beyond
D:2:      layout_loops_ring
D:3:      layout_basic, serial_shops, nicolae_shop_overgrown_old_shop
D:4:      layout_basic, mainiacjoe_overflow_cross_hatched,
          gammafunk_ghost_grave, nicolae_wormholes, uniq_pargi

Skill      XL: |  1  2  3  4  5 |
---------------+----------------+-----
Stealth        | 2 3 |  3.0
Dodging        | 3 |  3.6
Spellcasting   | 3 |  3.2

Action                   |  1- 3 |  4- 6 || total
-------------------------+-------+-------++-------
 Cast: Foxfire           |    90 |    48 ||   138
       Scorch            |     4 |    15 ||    19
       Conjure Flame     |       |     1 ||     1
  Use: Scroll            |       |     4 ||     4
Armor: Robe              |     2 |     3 ||     5
Dodge: Dodged            |     3 |     9 ||    12
